 Dungeon Crawl Stone Soup version 0.29-a0-304-gb34f9e1 (webtiles) character file.

Game seed: 16575608396002377989

640 Think the Slicer (level 7, -7/46 HPs)
             Began as an Octopode Fighter on Mar 25, 2022.
             Killed by divine providence
             ... invoked by an orc priest
              (14 damage)
             ... on level 5 of the Dungeon.
             The game lasted 00:15:16 (5642 turns).

Think the Slicer (Octopode Fighter)                 Turns: 5642, Time: 00:15:17

Health: -7/46      AC:  1    Str: 17    XL:     7   Next: 51%
Magic:  7/7        EV: 13    Int: 10    God:
Gold:   293        SH:  4    Dex: 12    Spells: 6/6 levels left

rFire   . . .      SeeInvis .   r - +3 short sword
rCold   . . .      Faith    .   b - +0 buckler
rNeg    . . .      Spirit   .   (helmet restricted)
rPois   .          Reflect  .   (no amulet)
rElec   .          Harm     .   h - ring of wizardry
rCorr   .          Rampage  .   i - ring of flight
Will    .....                   (no ring)
Stlth   ++........              (no ring)
HPRegen 0.15/turn               (no ring)
MPRegen 0.10/turn               (no ring)
                                (no ring)
                                (no ring)

@: flying, hasted, very quick
A: almost no armour, amphibious, 8 rings, camouflage 1, gelatinous body 1,
(nimble swimmer 1), tentacles
a: no special abilities


You were on level 5 of the Dungeon.
You visited 1 branch of the dungeon, and saw 5 of its levels.

You collected 293 gold pieces.

Inventory:

Hand Weapons
 a - a +0 rapier
 r - a +3 short sword (weapon)
Armour
 b - a +0 buckler (worn)
Jewellery
 h - a ring of wizardry (left tentacle)
 i - a ring of flight (right tentacle)
 s - a ring of willpower
Wands
 c - a wand of mindburst (17)
Scrolls
 d - a scroll of teleportation
 e - a scroll of identify
 f - a scroll of holy word
 k - a scroll of torment
 l - a scroll of noise
 p - a scroll of magic mapping
Potions
 g - a potion of brilliance
 m - a potion of resistance {unknown}
 o - 2 potions of haste
 q - a potion of lignification {unknown}


   Skills:
 - Level 3.0 Fighting
 + Level 8.2 Short Blades
 - Level 3.0 Dodging
 - Level 3.0 Shields


You had 6 spell levels left.
You didn't know any spells.
Your spell library contained the following spells:

 Spells                   Type           Power      Damage    Failure   Level
 Foxfire                  Conj/Fire      0%         2x1d4     21%         1
 Summon Small Mammal      Summ           0%         N/A       21%         1
 Call Canine Familiar     Summ           0%         N/A       50%         3
 Summon Guardian Golem    Hex/Summ       0%         N/A       50%         3


Dungeon Overview and Level Annotations

Branches:
Dungeon (5/15)
 Temple: D:4-7

Altars:
Dithmenos
Sif Muna
Beogh


Innate Abilities, Weirdness & Mutations

You cannot wear most types of armour.
You are amphibious.
You can wear up to eight rings at the same time.
Your skin changes colour to match your surroundings (Stealth+).
Your rubbery body absorbs attacks. (AC +1, EV +1)
((You are camouflaged when in or above water. (Stealth+)))
You have tentacles for arms and can constrict up to eight enemies at once.


Message History

You are poisoned.
The scorpion poisons you!
You hit the scorpion.
You tentacle-slap the scorpion, but do no damage.
The scorpion is severely wounded.
You constrict the scorpion.
You feel sick. The scorpion stings you.
You hit the scorpion.
You kill the scorpion!
You feel sick.
Your Short Blades skill increases to level 8!
You feel sick.
You start resting.
You feel sick. x6
You are no longer poisoned.
You start resting.
An orc is nearby!
An orc is nearby!
An orc is nearby!
The orc priest shouts!
You hear an angry growl.
You hear a shout!
The orc shouts!
You hear a shout! x2
Things that are here:
a +0 club; an orc corpse
Things that are here:
a +0 club; an orc corpse You closely miss the orc.
You grab the orc. Your squeeze misses the orc.
You constrict the orc, but do no damage.
The orc hits you with a +0 whip.
You release your grip on the orc.
The orc attacks as you move away! The orc hits you with a +0 whip.
The orc priest looks encouraged for a moment.
The orc priest mumbles some strange prayers to Beogh against you.
Beogh smites you!
* * * LOW HITPOINT WARNING * * *
Things that are here:
a +0 club; an orc corpse It was a potion of haste.
You feel yourself speed up. The orc hits you with a +0 whip.
* * * LOW HITPOINT WARNING * * *
The orc priest invokes the aid of Beogh against you.
Beogh smites you!
You die...

.... #...... .. ##..>
#...##. .# #... #.... .#.
##... ...# ... #.... #..#
#.# ###.... #..# #.#
#......#####..###.# #######
#.........@.......###<.....
##....###)##...............
##.. #o#######.###.##### #.
#o# #.# #.# # #.# #.# #.#
#.# #.# #.# #.# #.....# #o#
####..# #.# #..#


You could see 2 orc priests and an orc.

Vanquished Creatures
  A sky beast (D:4)
  A black bear (D:4)
  A phantom (D:4)
  A necrophage (D:4)
  A scorpion (D:5)
  2 orc priests
  8 adders
  An ufetubus (D:5)
  A dart slug (D:1)
  2 worms (D:2)
  10 orcs
  8 ball pythons
  6 bats
  5 endoplasms
  3 giant cockroaches
  8 hobgoblins
  4 jackals (D:3)
  4 quokkas
  2 frilled lizards (D:1)
  9 goblins
  7 kobolds
  4 rats
89 creatures vanquished.

Vanquished Creatures (others)
  2 orc wizards (D:4)
2 creatures vanquished.

Grand Total: 91 creatures vanquished

Notes
Turn   | Place    | Note
-------+----------+-------------------------------------------
     0 | D:1      | Think the Octopode Fighter began the quest for the Orb.
     0 | D:1      | Reached XP level 1. HP: 16/16 MP: 1/1
   196 | D:1      | Reached XP level 2. HP: 21/21 MP: 2/2
   276 | D:1      | Reached skill level 3 in Short Blades
  1065 | D:2      | Reached XP level 3. HP: 26/26 MP: 3/3
  1418 | D:2      | Found a shadowy altar of Dithmenos.
  1634 | D:2      | Reached skill level 4 in Short Blades
  1777 | D:2      | Reached XP level 4. HP: 30/31 MP: 4/4
  2255 | D:2      | Found a faded altar of an unknown god.
  2831 | D:3      | Reached skill level 5 in Short Blades
  2831 | D:3      | Reached XP level 5. HP: 14/36 MP: 5/5
  3725 | D:4      | Reached skill level 6 in Short Blades
  3786 | D:4      | Reached XP level 6. HP: 39/42 MP: 6/6
  4207 | D:4      | Found a shimmering blue altar of Sif Muna.
  4259 | D:4      | Got Sif Muna's Tome of Arcane Weapons
  4563 | D:4      | Noticed a black bear
  4774 | D:4      | Killed a black bear
  4775 | D:4      | Reached skill level 7 in Short Blades
  4775 | D:4      | Reached XP level 7. HP: 25/46 MP: 7/7
  4990 | D:5      | Entered Level 5 of the Dungeon
  5601 | D:5      | Reached skill level 8 in Short Blades
  5642 | D:5      | Killed from afar by an orc priest

Illustrated notes

Levels and vault maps discovered:
D:1:      wander_arrival_abandoned_jail, layout_loops_corners
D:2:      layout_loops_corners, hellmonk_ecumenical_altar_defaced_shrine,
          basic_altar, hex_medium
D:3:      cheibrodos_helix_gallery, layout_basic, serial_park_tiny_pond,
          kennysheep_generic_room_15
D:4:      layout_loops_ring, led_sif_book
D:5:      layout_loops_ring, gammafunk_ghost_abyssal_escape

Skill      XL: |  1  2  3  4  5  6  7 |
---------------+----------------------+-----
Short Blades   | 3 4 5 6 7 8 |  8.2
Fighting       | |  3.0
Dodging        | |  3.0
Shields        | |  3.0

Action                   |  1- 3 |  4- 6 |  7- 9 || total
-------------------------+-------+-------+-------++-------
Melee: Rapier            |    66 |   103 |       ||   169
       Constrict         |    12 |    23 |     6 ||    41
       Tentacles         |    12 |    20 |     7 ||    39
       Short sword       |       |    10 |    33 ||    43
       Punch             |       |     1 |     2 ||     3
  Use: Potion            |       |     2 |     4 ||     6
       Scroll            |       |     7 |       ||     7
 Stab: Sleeping          |     8 |     6 |       ||    14
Armor: Skin              |     7 |     4 |     2 ||    13
Dodge: Dodged            |    27 |    65 |    21 ||   113
Block: Buckler           |    13 |    20 |     6 ||    39

Table legend: (Time is in decaauts)
 A = Elapsed time spent in this place.
 B = Non-inter-level travel time spent in this place.
 C = Inter-level travel time spent in this place.
 D = Time resting spent in this place.
 E = Time spent auto-exploring this place.
 F = Levels seen in this place.
 G = Mean time per level.
                   A        B        C        D        E       F      G
               +--------+--------+--------+--------+--------+-----+--------+
         Total |   5635 |   5423 |    212 |   1277 |   3422 |   5 | 1127.0 |
       Dungeon |   5635 |   5423 |    212 |   1277 |   3422 |   5 | 1127.0 |
               +--------+--------+--------+--------+--------+-----+--------+

Top non-repeatable levels by time:
     D:4: 1775 daAuts
     D:2: 1472 daAuts
     D:3: 1166 daAuts
     D:1: 1026 daAuts
     D:5: 194 daAuts
